 Dungeon Crawl Stone Soup version 0.27-a0-909-g0721f309d1 (webtiles) character file.

Game seed: 7244299751877446227

49 kae the Ruffian (level 3, 17/28 HPs)
             Began as a Demonspawn Gladiator on Apr 8, 2021.
             Quit the game on level 2 of the Dungeon.
             The game lasted 00:00:38 (1372 turns).

kae the Ruffian (Demonspawn Gladiator)              Turns: 1372, Time: 00:00:39

Health: 17/28      AC:  4    Str: 15    XL:     3   Next: 53%
Magic:  3/3        EV: 12    Int:  9    God:
Gold:   88         SH:  0    Dex: 14    Spells: 2/2 levels left

rFire    . . .     SeeInvis .     - Unarmed
rCold    . . .     Faith    .   (no shield)
rNeg     . . .     Spirit   .   a - +0 leather armour
rPois    .         Reflect  .   (helmet restricted)
rElec    .         Harm     .   (no cloak)
rCorr    .         Rampage  .   (no gloves)
Will     .....                  (no boots)
Stlth    +.........             d - amulet of regeneration
HPRegen  1.09/turn              (no ring)
MPRegen  0.08/turn              (no ring)

@: mildly poisoned (17 -> 14)
A: antennae 1, sharp scales 1
a: no special abilities


You were on level 2 of the Dungeon.
You visited 1 branch of the dungeon, and saw 2 of its levels.

You collected 88 gold pieces.

Inventory:

Missiles
 c - 4 throwing nets (quivered)
Armour
 a - a +0 leather armour (worn)
 b - a +0 helmet
Jewellery
 d - an amulet of regeneration (around neck)
Scrolls
 e - a scroll of identify {unknown}
Potions
 f - a potion of might {unknown}


   Skills:
 + Level 2.6 Fighting
 - Level 1.7 Throwing
 + Level 3.1 Dodging
 * Level 3.5 Unarmed Combat


You had 2 spell levels left.
You didn't know any spells.
Your spell library was empty.

Dungeon Overview and Level Annotations

Branches:
Dungeon (2/15)

Altars:


Innate Abilities, Weirdness & Mutations

You have a pair of small antennae on your head.
You are partially covered in razor-sharp scales. (AC +1, Slay +1)


Message History

No target in view!
No target in view!
An adder comes into view.
A bat comes into view.
The adder hisses angrily.
There are monsters nearby!
There are monsters nearby!
The adder bites you. The bat hits you.
You barely miss the adder. The bat barely misses you. The adder bites you.
The adder closely misses you.
There are monsters nearby!
You hit the adder.
The adder is lightly wounded.
The bat hits you but does no damage. The adder barely misses you.
You hit the adder.
The adder is heavily wounded.
The bat barely misses you. The adder bites you.
You are poisoned.
The adder poisons you!
There are monsters nearby!
You hit the adder.
The adder is severely wounded.
You feel sick. The bat hits you but does no damage.
The adder closely misses you.
You hit the adder.
The adder is almost dead.
You feel sick. The bat hits you but does no damage.
The adder barely misses you. The adder bites you.
You are more poisoned.
The adder poisons you!
There are monsters nearby!
You are too injured to fight recklessly!
You are too injured to fight recklessly!
There are monsters nearby!
You are too injured to fight recklessly!
You are too injured to fight recklessly!
There are monsters nearby!
You are too injured to fight recklessly!
You are too injured to fight recklessly!
Are you sure you want to abandon this character and quit the game? (Confirm with "yes".)

### ....### #.' ..#.#. ###
#.#.. {#†' ....#####
#.##### #b....... #......
#........ ######†
#S....... .######.
######### #@.......
.....>.. #.......#
#..........######.
#.......########..........
#)
#.............)...######
.. ###.
#.....†.#########.#
#.##... #.......# .#
#...... #####.#### .#
####... #....## .# #†..#
####..## .# #..#.#


You could see an adder and a bat.

Vanquished Creatures
  A dart slug (D:1)
  5 endoplasms
  3 giant cockroaches
  6 goblins
  4 hobgoblins (D:1)
  4 jackals (D:2)
  3 quokkas (D:2)
  3 ball pythons
  4 bats
  2 frilled lizards (D:1)
  A kobold (D:1)
  6 rats
42 creatures vanquished.

Notes
Turn   | Place    | Note
-------+----------+-------------------------------------------
     0 | D:1      | kae the Demonspawn Gladiator began the quest for the Orb.
     0 | D:1      | Reached XP level 1. HP: 16/16 MP: 1/1
   432 | D:1      | Gained mutation: You are partially covered in razor-sharp
                  | scales. (AC +1, Slay +1) [demonic ancestry]
   432 | D:1      | Reached XP level 2. HP: 22/22 MP: 2/2
   522 | D:1      | Found a faded altar of an unknown god.
  1126 | D:2      | Gained mutation: You have a pair of small antennae on your
                  | head. [demonic ancestry]
  1126 | D:2      | Reached XP level 3. HP: 27/28 MP: 3/3
  1372 | D:2      | Quit the game

Illustrated notes

Levels and vault maps discovered:
D:1:      scummos_arrival_hexagon, layout_loops_cross,
          chequers_ecumenical_altar_simple
D:2:      layout_rooms, minmay_rat_gold_closets

Skill      XL: |  1  2 |
---------------+-------+-----
Unarmed Combat | 3 |  3.5
Dodging        | 3 |  3.1
Fighting       | |  2.6
Throwing       | |  1.7

Action                   || total
-------------------------++-------
Melee: Unarmed           ||   148
       Punch             ||     2
 Stab: Sleeping          ||     3
Armor: Leather armour    ||    35
Dodge: Dodged            ||    82

Table legend: (Time is in decaauts)
 A = Elapsed time spent in this place.
 B = Non-inter-level travel time spent in this place.
 C = Inter-level travel time spent in this place.
 D = Time resting spent in this place.
 E = Time spent auto-exploring this place.
 F = Levels seen in this place.
 G = Mean time per level.
                   A        B        C        D        E       F      G
               +--------+--------+--------+--------+--------+-----+--------+
         Total |   1362 |   1339 |     23 |      0 |   1082 |   2 |  681.0 |
       Dungeon |   1362 |   1339 |     23 |      0 |   1082 |   2 |  681.0 |
               +--------+--------+--------+--------+--------+-----+--------+

Top non-repeatable levels by time:
     D:1: 1083 daAuts
     D:2: 279 daAuts
